 Dungeon Crawl Stone Soup version 0.31-a0-977-gc230f8ef24 (webtiles) character file.

Game seed: 11359069983700783266

14 Shayle the Ducker (level 2, 0/16 HPs)
             Began as a Tengu Hexslinger on Oct 30, 2023.
             Slain by an adder (4 damage)
             ... on level 2 of the Dungeon.
             The game lasted 00:01:32 (991 turns).

Shayle the Ducker (Tengu Hexslinger)                 Turns: 991, Time: 00:01:33

Health: 0/16       AC:  2    Str:  8    XL:     2   Next: 41%
Magic:  4/4        EV:  5    Int: 13    God:
Gold:   31         SH: 11    Dex: 16    Spells: 3/3 levels left

rFire   . . .        k - +2 mace (heavy)
rCold   . . .        l - +0 tower shield
rNeg    . . .        c - +0 robe
rPois   .            (helmet restricted)
rElec   .            (no cloak)
rCorr   .            (no gloves)
SInv    .            (boots unavailable)
Will    .....        (no amulet)
Stlth   +            (no ring)
HPRegen 0.22/turn    (no ring)
MPRegen 0.09/turn

%: acrobat
@: lethally poisoned (0 -> -1)
A: beak, talons 3, acrobatic
a: no special abilities


You were on level 2 of the Dungeon.
You visited 1 branch of the dungeon, and saw 2 of its levels.

You collected 31 gold pieces.

Inventory:

Hand Weapons
 a - a +1 sling
 k - a +2 heavy mace (weapon)
Armour
 c - a +0 robe (worn)
 l - a +0 tower shield (worn)
Scrolls
 b - a scroll of poison
 d - 2 scrolls of identify {unknown}
 g - a scroll of vulnerability {unknown}
 i - 2 scrolls of teleportation {unknown}
 j - a scroll of brand weapon {unknown}
Potions
 e - 3 potions of heal wounds {unknown}
 f - a potion of berserk rage {unknown}
 h - a potion of brilliance {unknown}


   Skills:
 + Level 1.5 Fighting
 - Level 2.1 Ranged Weapons
 + Level 1.1 Armour
 - Level 2.1 Dodging
 + Level 0.1 Shields
 + Level 1.0 Unarmed Combat
 - Level 1.0 Spellcasting
 - Level 2.1 Hexes
 - Level 1.1 Fire Magic


You had 3 spell levels left.
You didn't know any spells.
Your spell library contained the following spells:

 Spells                   Type           Power      Damage    Failure   Level
 Jinxbite                 Hex            12%        N/A       100%        2
 Inner Flame              Hex/Fire       4%         N/A       100%        3
 Sigil of Binding         Hex            6%         N/A       100%        3
 Cause Fear               Hex            3%         N/A       100%        4
 Dimensional Bullseye     Hex/Tloc       1%         N/A       100%        4


Dungeon Overview and Level Annotations

Branches:
Dungeon (2/15)

Altars:


Innate Abilities, Weirdness & Mutations

You have a beak for a mouth.
You have claws for feet.
You can magically evade attacks while moving or waiting.


Message History

You climb upwards.
There is a stone staircase leading down here.
You hit the hobgoblin. You claw the hobgoblin.
You peck the hobgoblin, but do no damage.
The hobgoblin is severely wounded.
The hobgoblin hits you. x2; You block the hobgoblin's attack.
You hit the hobgoblin.
You kill the hobgoblin!
Your Unarmed Combat skill increases to level 1!
You see here a hobgoblin corpse.
You start resting.
HP restored.
There is a stone staircase leading down, spattered with blood here.
You climb downwards.
You block the bat's attack. The bat hits you but does no damage.
There is a stone staircase leading up here.
You block the bat's attack. The bat completely misses you.
You climb upwards.
There is a stone staircase leading down, spattered with blood here.
You closely miss the bat. You claw the bat.
You kill the bat!
You see here a bat corpse.
There is a stone staircase leading down, spattered with blood here.
You climb downwards.
You block the adder's attack. The adder bites you but does no damage.
There is a stone staircase leading up here.
You closely miss the adder. The adder bites you.
You are poisoned.
The adder poisons you! You block the adder's attack. x2
The adder bites you but does no damage.
You closely miss the adder.
You feel very sick.
You block the adder's attack. x2; The adder bites you.
You barely miss the adder. You claw the adder.
The adder is heavily wounded.
You feel very sick. The adder bites you.
* * * LOW HITPOINT WARNING * * *
The adder bites you.
You die...

####### .......
.......########
..............#
........##.#####..
......S.#.@.......
........#..S......
.......##.........
....... ##+#+###..
....... . .......
...##..


You could see an adder.

Vanquished Creatures
  2 ball pythons (D:1)
  An endoplasm (D:1)
  A giant cockroach (D:1)
  4 hobgoblins (D:1)
  2 bats (D:1)
  A kobold (D:1)
  A rat (D:1)
12 creatures vanquished.

Notes
Turn   | Place    | Note
-------+----------+-------------------------------------------
     0 | D:1      | Shayle the Tengu Hexslinger began the quest for the Orb.
     0 | D:1      | Reached XP level 1. HP: 12/12 MP: 3/3
   389 | D:1      | Reached XP level 2. HP: 14/16 MP: 4/4
   427 | D:1      | Found a faded altar of an unknown god.
   434 | D:1      | Reached skill level 1 in Armour
   951 | D:1      | Reached skill level 1 in Unarmed Combat
   991 | D:2      | Slain by an adder

Illustrated notes

Levels and vault maps discovered:
D:1:      minmay_arrival_nine_rooms, layout_basic,
          nicolae_ecumenical_snake_handling
D:2:      layout_basic

Skill      XL: |  1  2 |
---------------+-------+-----
Armour         | 1 |  1.1
Unarmed Combat | 1 |  1.0
Fighting       | |  1.5
Ranged Weapons | |  2.1
Dodging        | |  2.1
Shields        | |  0.1
Spellcasting   | |  1.0
Hexes          | |  2.1
Fire Magic     | |  1.1

Action                     || total
---------------------------++-------
  Melee: Mace              ||     9
         Kick              ||     4
         Peck              ||     1
   Fire: Sling             ||    32
 Armour: Robe              ||    23
  Dodge: Dodged            ||    14
  Block: Tower shield      ||    15

Table legend: (Time is in decaauts)
 A = Elapsed time spent in this place.
 B = Non-inter-level travel time spent in this place.
 C = Inter-level travel time spent in this place.
 D = Time resting spent in this place.
 E = Time spent auto-exploring this place.
 F = Levels seen in this place.
 G = Mean time per level.
                   A        B        C        D        E       F      G
               +--------+--------+--------+--------+--------+-----+--------+
         Total |   1016 |    899 |    117 |     32 |    717 |   2 |  508.0 |
       Dungeon |   1016 |    899 |    117 |     32 |    717 |   2 |  508.0 |
               +--------+--------+--------+--------+--------+-----+--------+

Top non-repeatable levels by time:
     D:1: 977 daAuts
     D:2: 38 daAuts
